 Dungeon Crawl Stone Soup version 0.20-a0-910-gb611367 (webtiles) character file.

2280 galech the Grappler (level 9, -2/84 HPs)
             Began as a Troll Monk on Mar 23, 2017.
             Was a Believer of Cheibriados.
             Slain by a gnoll
             ... wielding a +0 halberd
              (10 damage)
             ... on level 7 of the Dungeon.
             The game lasted 00:17:16 (4988 turns).

galech the Grappler (Troll Monk)                    Turns: 4988, Time: 00:17:17

Health: -2/84      AC:  5    Str: 29    XL:     9   Next: 16%
Magic:  0/8        EV: 13    Int: 11    God:    Cheibriados [**....]
Gold:   343        SH:  0    Dex: 17    Spells: 8/8 levels left

rFire    . . .     SeeInvis .     - Unarmed
rCold    . . .     Gourm    +   a - +0 robe
rNeg     . . .     Faith    .   (no shield)
rPois    .         Spirit   +   (helmet restricted)
rElec    .         Reflect  .   (no cloak)
rCorr    .         Harm     .   (gloves unavailable)
MR       .....                  (boots unavailable)
Stlth    ++........             h - amulet of guardian spirit
Regen    0.7/turn               (no ring)
MPRegen  0.2/turn               (no ring)

@: lethally poisoned (-2 -> -2), drained, very slow
A: unfitting armour, antennae 1, claws 3, fast metabolism 3, gourmand, mutation
resistance 1, regeneration 1, shaggy fur 1, tough skin 2, MP-powered wands
a: Bend Time, Renounce Religion


You were on level 7 of the Dungeon.
You worshipped Cheibriados.
Cheibriados was pleased with you.
You were completely stuffed.

You visited 2 branches of the dungeon, and saw 8 of its levels.
You also visited: Sewer.

You collected 343 gold pieces.

Inventory:

Armour
 a - a +0 robe (worn)
Jewellery
 h - an amulet of guardian spirit (around neck)
Wands
 m - a wand of clouds (5/9)
 s - a wand of confusion (15/48)
Scrolls
 c - a scroll of enchant weapon
 e - a scroll of fog
 k - a scroll of immolation {unknown}
 l - 2 scrolls of identify
 n - 2 scrolls of teleportation {unknown}
Potions
 f - a potion of haste {unknown}
 g - 4 potions of curing {unknown}
 j - 2 potions of brilliance {unknown}
 p - a potion of degeneration {unknown}
 q - 2 potions of flight {unknown}
 r - 2 potions of heal wounds {unknown}
Comestibles
 b - 6 bread rations
 d - 4 royal jellies
 i - 2 fruits
 o - 2 meat rations
 t - 7 chunks of flesh


   Skills:
 + Level 4.0(3.8) Fighting
 + Level 5.0(4.8) Dodging
 + Level 3.3(3.1) Stealth
 + Level 9.4(9.2) Unarmed Combat


You had 8 spell levels left.
You didn't know any spells.

Dungeon Overview and Level Annotations

Branches:
Dungeon (7/15)             Temple (1/1) D:6

Altars:
Ashenzari
Cheibriados
Dithmenos
Elyvilon
Fedhas
Gozag
Hepliaklqana
Kikubaaqudgha
Makhleb
Nemelex Xobeh
Okawaru
Qazlal
Ru
Sif Muna
Trog
Uskayaw
Vehumet
Wu Jian
Xom
Yredelemnul
The Shining One


Innate Abilities, Weirdness & Mutations

You are too large for most types of armour.
You have claws for hands.
Your metabolism is lightning-fast.
You like to eat raw meat.
Your natural rate of healing is unusually fast.
You are covered in fur. (AC +1)
You have very tough skin. (AC +2)
You have a pair of small antennae on your head.
You are somewhat resistant to further mutation.
You expend magic power (3 MP) to strengthen your wands.


Message History

You barely miss the gnoll. You barely miss the gnoll.
The gnoll barely misses you. The gnoll completely misses you.
You barely miss the gnoll.
You feel sick. The gnoll hits you with a halberd!
* * * LOW HITPOINT WARNING * * *
The gnoll closely misses you.
You barely miss the gnoll. You barely miss the gnoll.
The gnoll barely misses you. The gnoll misses you.
You scratch the gnoll but do no damage. The gnoll closely misses you.
The gnoll barely misses you.
You claw the gnoll!
The gnoll is almost dead.
The gnoll hits you with a halberd.
* * * LOW HITPOINT WARNING * * *
The gnoll barely misses you.
You mangle the gnoll!!
You kill the gnoll!
Cheibriados appreciates the change of pace.
You feel sick. The gnoll hits you with a halberd!
You die...

.)...# #...!.....###
.##.## #...[.?##...#
)÷..# #### #......[..#
##..# #..###.......#
##.####.../........###
##......#........%...#
#....####.....##..##...#
##.........###.#..##
#..# #...#......# #.#@##
.# ..#......### #.)g# #
.....###...# ##...
#...## ###.# #.... ..#.#
.# ...... #.#.# .
.#.(.... #....
..###.....≈ ##..# ..
.##)####


You could see a gnoll.

Vanquished Creatures
  The ghost of feelmyfire the Covert, a novice VSEn of Kikubaaqudgha (D:7)
  An orc warrior (D:7)
  2 ice beasts (D:5)
  A black bear (D:7)
  3 ogres
  A big kobold (Sewer)
  A gnoll sergeant (D:7)
  A scorpion (D:3)
  A crimson imp (D:6)
  A centaur zombie (D:6)
  5 hounds
  A jelly (D:5)
  2 gnoll shamans (D:3)
  2 orc priests
  3 orc wizards
  An iguana (D:6)
  5 worker ants
  A killer bee zombie (D:5)
  33 gnolls
  4 adders
  2 shadow imps
  3 oozes
  An adder skeleton (D:4)
  4 worms
  A dart slug (D:1)
  2 leopard geckos
  18 orcs
  4 giant cockroaches
  A goblin (D:1)
  8 hobgoblins
  20 jackals
  6 kobolds
  4 quokkas
  3 ball pythons
  3 bats (D:1)
  3 frilled lizards
  A quokka skeleton (D:4)
  15 rats
169 creatures vanquished.

Notes
Turn   | Place    | Note
-------+----------+-------------------------------------------
     0 | D:1      | galech the Troll Monk began the quest for the Orb.
     0 | D:1      | Reached XP level 1. HP: 22/22 MP: 0/0
   174 | D:1      | Reached XP level 2. HP: 29/29 MP: 1/1
   296 | D:1      | Reached XP level 3. HP: 36/36 MP: 2/2
  1005 | D:3      | Reached XP level 4. HP: 30/44 MP: 3/3
  1098 | D:3      | Found an iron altar of Okawaru.
  1160 | D:3      | Reached skill level 4 in Unarmed Combat
  1367 | D:3      | Reached XP level 5. HP: 42/53 MP: 1/4
  1565 | D:3      | Reached skill level 5 in Unarmed Combat
  1645 | D:2      | Reached XP level 6. HP: 38/61 MP: 2/5
  2035 | D:3      | Reached skill level 6 in Unarmed Combat
  2072 | D:3      | Reached XP level 7. HP: 63/67 MP: 4/6
  2911 | D:4      | Found a glowing drain.
  2918 | Sewer    | Entered a sewer
  3111 | Sewer    | Reached skill level 7 in Unarmed Combat
  3128 | Sewer    | Found a white marble altar of Elyvilon.
  3269 | D:5      | Entered Level 5 of the Dungeon
  3446 | D:5      | Gained mutation: Scrolls take you a little longer to read. [potion of mutation]
  3446 | D:5      | Gained mutation: You evolve. [potion of mutation]
  3446 | D:5      | Gained mutation: You are partially covered in icy blue scales. (AC +2) [potion of mutation]
  3491 | D:5      | Reached XP level 8. HP: 75/75 MP: 7/7
  3762 | D:5      | Lost mutation: Scrolls take you a little longer to read. [potion of mutation]
  3762 | D:5      | Lost mutation: You evolve. [potion of mutation]
  3762 | D:5      | Lost mutation: You are partially covered in icy blue scales. (AC +2) [potion of mutation]
  3762 | D:5      | Gained mutation: You expend magic power (3 MP) to strengthen your wands. [potion of mutation]
  3762 | D:5      | Gained mutation: You have a pair of small antennae on your head. [potion of mutation]
  3762 | D:5      | Gained mutation: You are somewhat resistant to further mutation. [potion of mutation]
  3857 | D:5      | Reached skill level 8 in Unarmed Combat
  4133 | D:6      | Found a shadowy altar of Dithmenos.
  4134 | D:6      | Found a bloodstained altar of Trog.
  4206 | D:6      | Found a staircase to the Ecumenical Temple.
  4211 | Temple   | Entered the Ecumenical Temple
  4445 | Temple   | Became a worshipper of Cheibriados the Contemplative
  4445 | Temple   | Reached * piety under Cheibriados
  4445 | Temple   | Reached ** piety under Cheibriados
  4584 | D:6      | Found a hazy altar of Hepliaklqana.
  4609 | D:6      | Found an opulent altar of Gozag.
  4875 | D:7      | Noticed feelmyfire's ghost (novice VSEn)
  4930 | D:7      | Killed feelmyfire's ghost
  4930 | D:7      | Reached skill level 9 in Unarmed Combat
  4930 | D:7      | Reached XP level 9. HP: 46/84 MP: 4/8
  4978 | D:7      | Reached skill level 5 in Dodging
  4988 | D:7      | Slain by a gnoll

Vault maps used:
D:1:      minmay_arrival_stair_chambers
D:3:      lemuel_castle_with_subvaults, nicolae_overflow_crystal_walls
D:4:      gup_sewer_entry_bubbles, first_bread
D:6:      old_standard_altar, grunt_gozag_statues,
          gammafunk_temple_overflow_pools, minmay_temple_entry_glassed_door,
          kennysheep_another_room
D:7:      zin_angel, enter_ossuary_5, serial_shops, shop,
          kennysheep_okawaru_gauntlet
Temple:   eino_temple_rhombus
Sewer:    sewer_kobolds

Skill      XL: |  1  2  3  4  5  6  7  8  9 |
---------------+----------------------------+-----
Dodging        | 3 4 5 |  5.0
Unarmed Combat | 4 5 6 7 9 |  9.4
Fighting       | 3 4 |  4.0
Stealth        | 2 3 |  3.3

Action                   |  1- 3 |  4- 6 |  7- 9 || total
-------------------------+-------+-------+-------++-------
Melee: Unarmed           |    98 |   131 |   268 ||   497
       Punch             |     1 |     2 |     3 ||     6
  Use: Scroll            |       |       |     5 ||     5
       Potion            |       |       |     2 ||     2
 Stab: Sleeping          |     1 |     1 |     8 ||    10
  Eat: Chunk             |    13 |    12 |    25 ||    50
Armor: Robe              |    26 |    23 |    69 ||   118
Dodge: Dodged            |    53 |    84 |   146 ||   283
